[Event "GambitGuide"]
[Site "Internet Chess Club"]
[Date "2014.10.31"]
[Round "1"]
[White "JSBach"]
[Black "STOY012"]
[Result "1-0"]
[ICCResult "Black resigns"]
[WhiteElo "1667"]
[BlackElo "1636"]
[Opening "Vienna: `Frankenstein-Dracula' variation"]
[ECO "C27"]
[NIC "VG.02"]
[Time "07:31:35"]
[TimeControl "120+12"]

1. e4 e5 2. Nc3 Nf6 3. Bc4 Nxe4 4. Qh5 Nd6 5. Bb3 Nc6 6. Nb5 g6 7. Qf3 f5 8.
Qd5 Qe7 9. Nxc7+ Kd8 10. Nxa8 b6 11. d3 Bb7 12. Nxb6 axb6 13. Qf3 Nd4 14.
Qg3 f4 15. Qg4 N6f5 16. Ne2 Nxe2 17. Kxe2 f3+ 18. gxf3 Nd4+ 19. Ke1 Nxf3+
20. Kd1 h6 21. Qxg6 Nd4 22. Qxb6+ {Black resigns} 1-0

[Event "GambitGuide"]
[Site "Internet Chess Club"]
[Date "2014.10.31"]
[Round "1"]
[White "JSBach"]
[Black "hawkstorm"]
[Result "1-0"]
[ICCResult "Black checkmated"]
[WhiteElo "1645"]
[BlackElo "1623"]
[Opening "Vienna: `Frankenstein-Dracula' variation"]
[ECO "C27"]
[NIC "VG.02"]
[Time "07:30:55"]
[TimeControl "120+12"]

1. e4 e5 2. Nc3 Nf6 3. Bc4 Nxe4 4. Qh5 Nd6 5. Bb3 Nc6 6. Nb5 g6 7. Qf3 f5 8.
Qd5 Qe7 9. Nxc7+ Kd8 10. Nxa8 b6 11. d3 Bg7 12. Nh3 h6 13. Ba4 Bb7 14. Nxb6
axb6 15. Qb3 Kc7 16. Be3 Nc8 17. Qb5 N6a7 18. Qc4+ Bc6 19. Bxc6 dxc6 20. b3
b5 21. Qc5 Qxc5 22. Bxc5 e4 23. d4 g5 24. Ke2 f4 25. a4 b4 26. a5 Nb5 27.
Bxb4 f3+ 28. Kf1 fxg2+ 29. Kxg2 Rf8 30. Bxf8 Bxf8 31. Rhd1 Bd6 32. a6 Nca7
33. Rac1 Kb6 34. c4 Nxd4 35. Rxd4 Bc5 36. Rd7 Nc8 37. Ra1 g4 38. Rb7#
{Black checkmated}
1-0

[Event "GambitGuide"]
[Site "Internet Chess Club"]
[Date "2014.10.31"]
[Round "1"]
[White "JSBach"]
[Black "victorfisher01"]
[Result "1-0"]
[ICCResult "Black resigns"]
[WhiteElo "1645"]
[BlackElo "1309"]
[Opening "Vienna: `Frankenstein-Dracula' variation"]
[ECO "C27"]
[NIC "VG.02"]
[Time "07:31:29"]
[TimeControl "120+12"]

1. e4 e5 2. Nc3 Nf6 3. Bc4 Nxe4 4. Qh5 Nd6 5. Bb3 Nc6 6. Nb5 g6 7. Qf3 f5 8.
Qd5 Qe7 9. Nxc7+ Kd8 10. Nxa8 b6 11. d3 Bg7 12. Ba4 Bb7 13. Nxb6 axb6 14.
Qb3 Nc8 15. Nf3 d6 16. Bg5 Bf6 17. Bxf6 Qxf6 18. Qc4 Re8 19. Bxc6 Bxc6 20.
Qxc6 {Black resigns} 1-0

[Event "GambitGuide"]
[Site "Internet Chess Club"]
[Date "2014.10.31"]
[Round "1"]
[White "JSBach"]
[Black "alexbozhenoff"]
[Result "1-0"]
[ICCResult "Black checkmated"]
[WhiteElo "1645"]
[BlackElo "1671"]
[Opening "Vienna: `Frankenstein-Dracula' variation"]
[ECO "C27"]
[NIC "VG.02"]
[Time "07:31:46"]
[TimeControl "120+12"]

1. e4 e5 2. Nc3 Nf6 3. Bc4 Nxe4 4. Qh5 Nd6 5. Bb3 Nc6 6. Nb5 g6 7. Qf3 f5 8.
Qd5 Qe7 9. Nxc7+ Kd8 10. Nxa8 b6 11. d3 h6 12. Ba4 Qe6 13. Qxe6 dxe6 14.
Bxc6 e4 15. d4 Nc4 16. c3 e5 17. Bd5 b5 18. b3 Nb6 19. Nxb6 axb6 20. dxe5
Bc5 21. Bd2 Kc7 22. Rd1 Rd8 23. Bxh6 Be7 24. Rd4 Bb7 25. Bxb7 Kxb7 26. Rxd8
Bxd8 27. Be3 Kc6 28. h4 Kd5 29. Bf4 b4 30. cxb4 Kd4 31. h5 g5 32. h6 gxf4
33. h7 Bc7 34. h8=Q Bxe5 35. Qd8+ Kc3 36. Qd2# {Black checkmated} 1-0

[Event "GambitGuide"]
[Site "Internet Chess Club"]
[Date "2014.10.31"]
[Round "1"]
[White "JSBach"]
[Black "Fifo25"]
[Result "1-0"]
[ICCResult "Black resigns"]
[WhiteElo "1645"]
[BlackElo "1509"]
[Opening "Vienna: `Frankenstein-Dracula' variation"]
[ECO "C27"]
[NIC "VG.02"]
[Time "07:27:33"]
[TimeControl "120+12"]

1. e4 e5 2. Nc3 Nf6 3. Bc4 Nxe4 4. Qh5 Nd6 5. Bb3 Nc6 6. Nb5 g6 7. Qf3 f5 8.
Qd5 Qe7 9. Nxc7+ Kd8 10. Nxa8 b6 11. d3 Bb7 12. Nxb6 axb6 13. Qf3 e4 14. Qe3
h5 15. Qxb6+ Kc8 16. Be3 f4 17. Bxf4 exd3+ 18. Be3 d2+ 19. Kxd2 Ne4+ 20. Ke1
Bg7 21. Rd1 Bxb2 22. Rb1 Bc3+ 23. Kf1 Nb4 24. Qxg6 Ba6+ 25. Ne2 Bd2 26. Bd4
Bxe2+ 27. Kxe2 Ng3+ 28. Kxd2 Qe2+ 29. Kc3 Nxa2+ 30. Bxa2 Ne4+ 31. Kb2 Qb5+
32. Ka1 {Black resigns} 1-0

[Event "GambitGuide"]
[Site "Internet Chess Club"]
[Date "2014.10.31"]
[Round "1"]
[White "JSBach"]
[Black "ZacAmata"]
[Result "1-0"]
[ICCResult "Black checkmated"]
[WhiteElo "1645"]
[BlackElo "1317"]
[Opening "Vienna: `Frankenstein-Dracula' variation"]
[ECO "C27"]
[NIC "VG.02"]
[Time "07:30:33"]
[TimeControl "120+12"]

1. e4 e5 2. Nc3 Nf6 3. Bc4 Nxe4 4. Qh5 Nd6 5. Bb3 Nc6 6. Nb5 g6 7. Qf3 f5 8.
Qd5 Qe7 9. Nxc7+ Kd8 10. Nxa8 b6 11. d3 e4 12. dxe4 Nxe4 13. Be3 f4 14. Nxb6
fxe3 15. O-O-O exf2 16. Nxc8 Kxc8 17. Nf3 Bh6+ 18. Kb1 Rd8 19. Rhf1 Nb4 20.
Qa8+ Kc7 21. Qxa7+ Kc6 22. Ba4# {Black checkmated} 1-0

[Event "GambitGuide"]
[Site "Internet Chess Club"]
[Date "2014.10.31"]
[Round "1"]
[White "JSBach"]
[Black "STOY012"]
[Result "1-0"]
[ICCResult "Black resigns"]
[WhiteElo "1645"]
[BlackElo "1636"]
[Opening "Vienna: `Frankenstein-Dracula' variation"]
[ECO "C27"]
[NIC "VG.02"]
[Time "07:32:07"]
[TimeControl "120+12"]

1. e4 e5 2. Nc3 Nf6 3. Bc4 Nxe4 4. Qh5 Nd6 5. Bb3 Nc6 6. Nb5 g6 7. Qf3 f5 8.
Qd5 Qe7 9. Nxc7+ Kd8 10. Nxa8 b6 11. d3 Bb7 12. Nxb6 axb6 13. Qf3 Nd4 14.
Qg3 f4 15. Qg4 N6f5 16. Ne2 Nxe2 17. Kxe2 f3+ 18. gxf3 Nd4+ 19. Ke1 Nxf3+
20. Kd1 Bg7 21. Be3 Rf8 22. Bxb6+ Ke8 23. Qc4 Nd4 24. Re1 Bh6 25. Rg1 Bf3+
26. Ke1 Bc6 27. Bc5 Nf3+ 28. Kf1 Qf6 29. Rd1 Nxh2+ 30. Ke2 Bf3+ 31. Ke1 Bxd1
32. Bxf8 Nf3+ 33. Kxd1 Nxg1 34. Qc8+ Qd8 35. Bf7+ Kxf7 36. Qxd8 Bxf8 37.
Qxd7+ Be7 38. Qg4 {Black resigns} 1-0

[Event "GambitGuide"]
[Site "Internet Chess Club"]
[Date "2014.10.31"]
[Round "1"]
[White "JSBach"]
[Black "alexbozhenoff"]
[Result "1-0"]
[ICCResult "Black resigns"]
[WhiteElo "1645"]
[BlackElo "1671"]
[Opening "Vienna: `Frankenstein-Dracula' variation"]
[ECO "C27"]
[NIC "VG.02"]
[Time "07:33:06"]
[TimeControl "120+12"]

1. e4 e5 2. Nc3 Nf6 3. Bc4 Nxe4 4. Qh5 Nd6 5. Bb3 Nc6 6. Nb5 g6 7. Qf3 f5 8.
Qd5 Qe7 9. Nxc7+ Kd8 10. Nxa8 b6 11. d3 h6 12. Ba4 Bb7 13. Nxb6 axb6 14. Qb3
Kc7 15. Nf3 e4 16. dxe4 Qxe4+ 17. Be3 b5 18. Bxb5 Nxb5 19. Qxb5 Qb4+ 20.
Qxb4 Nxb4 21. Bf4+ Bd6 22. Bxd6+ Kxd6 23. O-O-O+ Kc7 24. a4 Bxf3 25. gxf3
Nc6 26. Rhe1 Rd8 27. b3 d5 28. Re6 Nd4 29. Rxd4 {Black resigns} 1-0

[Event "GambitGuide"]
[Site "Internet Chess Club"]
[Date "2014.10.31"]
[Round "1"]
[White "JSBach"]
[Black "Fifo25"]
[Result "1-0"]
[ICCResult "Black resigns"]
[WhiteElo "1645"]
[BlackElo "1509"]
[Opening "Vienna: `Frankenstein-Dracula' variation"]
[ECO "C27"]
[NIC "VG.02"]
[Time "07:33:15"]
[TimeControl "120+12"]

1. e4 e5 2. Nc3 Nf6 3. Bc4 Nxe4 4. Qh5 Nd6 5. Bb3 Nc6 6. Nb5 g6 7. Qf3 f5 8.
Qd5 Qe7 9. Nxc7+ Kd8 10. Nxa8 b6 11. d3 Bb7 12. Nxb6 axb6 13. Qf3 e4 14. Qe3
exd3 15. cxd3 Bg7 16. Ne2 Kc7 17. Nf4 Qxe3+ 18. fxe3 Nb4 19. O-O g5 20. Nh5
Be5 21. d4 {Black resigns} 1-0

[Event "GambitGuide"]
[Site "Internet Chess Club"]
[Date "2014.10.31"]
[Round "1"]
[White "JSBach"]
[Black "victorfisher01"]
[Result "1-0"]
[ICCResult "Black resigns"]
[WhiteElo "1645"]
[BlackElo "1309"]
[Opening "Vienna: `Frankenstein-Dracula' variation"]
[ECO "C27"]
[NIC "VG.02"]
[Time "07:32:35"]
[TimeControl "120+12"]

1. e4 e5 2. Nc3 Nf6 3. Bc4 Nxe4 4. Qh5 Nd6 5. Bb3 Nc6 6. Nb5 g6 7. Qf3 f5 8.
Qd5 Qe7 9. Nxc7+ Kd8 10. Nxa8 b6 11. d3 Bb7 12. Nxb6 axb6 13. Qf3 Bg7 14.
Be3 Nc8 15. Qd5 d6 16. Qb5 Qc7 17. Be6 Ke7 18. Bxc8 Bxc8 19. Bxb6 Qb7 20.
Qb3 Bd7 21. Nf3 Rb8 22. Be3 Qxb3 23. axb3 Nb4 24. Bg5+ Kf8 25. Ra7 Bc6 26.
Be7+ Kg8 27. Bxd6 Nxc2+ 28. Kd2 Rd8 29. Bc7 {Black resigns} 1-0

[Event "GambitGuide"]
[Site "Internet Chess Club"]
[Date "2014.10.31"]
[Round "1"]
[White "JSBach"]
[Black "hawkstorm"]
[Result "1-0"]
[ICCResult "Black resigns"]
[WhiteElo "1645"]
[BlackElo "1623"]
[Opening "Vienna: `Frankenstein-Dracula' variation"]
[ECO "C27"]
[NIC "VG.02"]
[Time "07:33:05"]
[TimeControl "120+12"]

1. e4 e5 2. Nc3 Nf6 3. Bc4 Nxe4 4. Qh5 Nd6 5. Bb3 Nc6 6. Nb5 g6 7. Qf3 f5 8.
Qd5 Qe7 9. Nxc7+ Kd8 10. Nxa8 b6 11. d3 Bb7 12. Nxb6 axb6 13. Qf3 Kc7 14.
Be3 Nd4 15. Qh3 g5 16. Bxd4 exd4+ 17. Ne2 g4 18. Qg3 Bg7 19. Kf1 Be5 20. Nf4
h5 21. Re1 Qf6 22. Rxe5 Qxe5 23. Nd5+ Qxd5 24. Bxd5 Bxd5 25. Qe5 Re8 26.
Qxd5 Re6 27. a4 Nf7 28. Qxf5 Re7 29. Qf6 Kd8 30. Qxb6+ Ke8 31. b4 Kf8 32. b5
Kg7 33. f4 h4 34. Qxd4+ Kf8 35. f5 Ng5 36. Qh8+ Kf7 37. Qh5+ Kf6 38. Qg6+
Ke5 39. f6 Re6 40. Qxg5+ Kd6 41. f7 {Black resigns} 1-0

[Event "GambitGuide"]
[Site "Internet Chess Club"]
[Date "2014.10.31"]
[Round "1"]
[White "JSBach"]
[Black "STOY012"]
[Result "1-0"]
[ICCResult "Black resigns"]
[WhiteElo "1645"]
[BlackElo "1636"]
[Opening "Vienna: `Frankenstein-Dracula' variation"]
[ECO "C27"]
[NIC "VG.02"]
[Time "07:33:57"]
[TimeControl "120+12"]

1. e4 e5 2. Nc3 Nf6 3. Bc4 Nxe4 4. Qh5 Nd6 5. Bb3 Nc6 6. Nb5 g6 7. Qf3 f5 8.
Qd5 Qe7 9. Nxc7+ Kd8 10. Nxa8 b6 11. d3 Bb7 12. Nxb6 axb6 13. Qf3 Nd4 14.
Qg3 f4 15. Qg4 N6f5 16. Ne2 Nxe2 17. Kxe2 f3+ 18. gxf3 Nd4+ 19. Ke1 Bxf3 20.
Qg1 h6 21. Be3 Bxh1 22. Qxh1 Nxb3 23. Bxb6+ Ke8 24. Qa8+ Kf7 25. Qd5+ Kg7
26. Qxb3 Qb4+ 27. Qxb4 Bxb4+ 28. c3 Bd6 29. b4 e4 30. Bd4+ Kh7 31. Bxh8 Kxh8
32. dxe4 Bxh2 33. Rd1 d6 34. a4 {Black resigns} 1-0

[Event "GambitGuide"]
[Site "Internet Chess Club"]
[Date "2014.10.31"]
[Round "1"]
[White "JSBach"]
[Black "STOY012"]
[Result "1-0"]
[ICCResult "Black resigns"]
[WhiteElo "1645"]
[BlackElo "1636"]
[Opening "Vienna: `Frankenstein-Dracula' variation"]
[ECO "C27"]
[NIC "VG.02"]
[Time "07:35:12"]
[TimeControl "120+12"]

1. e4 e5 2. Nc3 Nf6 3. Bc4 Nxe4 4. Qh5 Nd6 5. Bb3 Nc6 6. Nb5 g6 7. Qf3 f5 8.
Qd5 Qe7 9. Nxc7+ Kd8 10. Nxa8 b6 11. d3 Bb7 12. Nxb6 axb6 13. Qf3 Nd4 14.
Qg3 f4 15. Qg4 N6f5 16. Ne2 Nxe2 17. Kxe2 f3+ 18. gxf3 Nd4+ 19. Ke1 Bxf3 20.
Qg1 e4 21. Bg5 exd3+ 22. Bxe7+ Bxe7 23. cxd3 Re8 24. Bf7 Bb4+ 25. Kf1 Be2+
26. Kg2 Bf3+ 27. Kh3 {Black resigns} 1-0

[Event "GambitGuide"]
[Site "Internet Chess Club"]
[Date "2014.10.31"]
[Round "1"]
[White "JSBach"]
[Black "Fifo25"]
[Result "1-0"]
[ICCResult "Black resigns"]
[WhiteElo "1645"]
[BlackElo "1509"]
[Opening "Vienna: `Frankenstein-Dracula' variation"]
[ECO "C27"]
[NIC "VG.02"]
[Time "07:34:42"]
[TimeControl "120+12"]

1. e4 e5 2. Nc3 Nf6 3. Bc4 Nxe4 4. Qh5 Nd6 5. Bb3 Nc6 6. Nb5 g6 7. Qf3 f5 8.
Qd5 Qe7 9. Nxc7+ Kd8 10. Nxa8 b6 11. d3 Bb7 12. Nxb6 axb6 13. Qf3 Nd4 14.
Qh3 e4 15. Be3 exd3 16. O-O-O dxc2 17. Rxd4 Bg7 18. Rd2 f4 19. Bxb6+ Kc8 20.
Rxc2+ Kb8 21. Ne2 Be4 22. Rc5 Nb7 23. Rc4 Nd6 24. Bc7+ Kc8 25. Bxd6+
{Black resigns}
1-0

[Event "GambitGuide"]
[Site "Internet Chess Club"]
[Date "2014.10.31"]
[Round "1"]
[White "JSBach"]
[Black "STOY012"]
[Result "1-0"]
[ICCResult "Black checkmated"]
[WhiteElo "1645"]
[BlackElo "1636"]
[Opening "Vienna: `Frankenstein-Dracula' variation"]
[ECO "C27"]
[NIC "VG.02"]
[Time "07:36:25"]
[TimeControl "120+12"]

1. e4 e5 2. Nc3 Nf6 3. Bc4 Nxe4 4. Qh5 Nd6 5. Bb3 Nc6 6. Nb5 g6 7. Qf3 f5 8.
Qd5 Qe7 9. Nxc7+ Kd8 10. Nxa8 b6 11. d3 Bb7 12. Nxb6 axb6 13. Qf3 Nd4 14.
Qg3 f4 15. Qg4 N6f5 16. c3 Nxb3 17. axb3 Qf6 18. Ra7 Bc6 19. b4 b5 20. Nf3
h5 21. Qh3 g5 22. g4 Ng7 23. O-O Ne6 24. gxh5 Rh6 25. Re1 Qh8 26. Nxe5 Rxh5
27. Nxc6+ dxc6 28. Qxe6 Be7 29. Qd7# {Black checkmated} 1-0

[Event "GambitGuide"]
[Site "Internet Chess Club"]
[Date "2014.10.31"]
[Round "1"]
[White "JSBach"]
[Black "ZacAmata"]
[Result "0-1"]
[ICCResult "White checkmated"]
[WhiteElo "1641"]
[BlackElo "1317"]
[Opening "Vienna: `Frankenstein-Dracula' variation"]
[ECO "C27"]
[NIC "VG.02"]
[Time "07:34:15"]
[TimeControl "120+12"]

1. e4 e5 2. Nc3 Nf6 3. Bc4 Nxe4 4. Qh5 Nd6 5. Bb3 Nc6 6. Nb5 g6 7. Qf3 f5 8.
Qd5 Qe7 9. Nxc7+ Kd8 10. Nxa8 b6 11. d3 Bb7 12. Nxb6 axb6 13. Qf3 Nd4 14.
Qg3 Nxb3 15. axb3 Bg7 16. Bg5 Bf6 17. Be3 f4 18. Bxb6+ Kc8 19. Qg4 g5 20.
Qh3 h5 21. Ra5 g4 22. Rc5+ Kb8 23. Bc7+ Ka8 24. Ra5+ Ba6 25. Rxa6+ Kb7 26.
Bxd6 Qe6 27. Be7 Kxa6 28. Qh4 Qxe7 29. Qxf6+ Qxf6 30. h3 e4 31. dxe4 Qxb2
32. hxg4 Qc1+ 33. Ke2 Qxc2+ 34. Ke1 Re8 35. f3 d5 36. Rxh5 dxe4 37. Rh6+ Kb7
38. Rh7+ Kb8 39. Rh2 exf3+ 40. Kf1 Qd1+ 41. Kf2 Qe1+ 42. Kxf3 Qe3#
{White checkmated}
0-1

[Event "GambitGuide"]
[Site "Internet Chess Club"]
[Date "2014.10.31"]
[Round "1"]
[White "JSBach"]
[Black "hawkstorm"]
[Result "1-0"]
[ICCResult "Black resigns"]
[WhiteElo "1641"]
[BlackElo "1623"]
[Opening "Vienna: `Frankenstein-Dracula' variation"]
[ECO "C27"]
[NIC "VG.02"]
[Time "07:35:08"]
[TimeControl "120+12"]

1. e4 e5 2. Nc3 Nf6 3. Bc4 Nxe4 4. Qh5 Nd6 5. Bb3 Nc6 6. Nb5 g6 7. Qf3 f5 8.
Qd5 Qe7 9. Nxc7+ Kd8 10. Nxa8 b6 11. d3 Bb7 12. Nxb6 axb6 13. Qf3 Na5 14.
Qe3 Kc7 15. Qg3 f4 16. Qg4 h5 17. Qxg6 Bg7 18. Ne2 Rh6 19. Qxh6 Bxh6 20. f3
Qh4+ 21. g3 fxg3 22. Nxg3 Bxc1 23. Rxc1 Qf4 24. Ne2 Qxf3 25. Rf1 Qh3 26. Rf2
Nf5 27. Bf7 Ne3 28. Kd2 Nd5 29. Ng3 h4 30. Nf1 Qg4 31. c4 Nf4 32. c5 Bd5 33.
cxb6+ Kxb6 34. Ne3 Qg7 35. Bxd5 Nxd5 36. Nxd5+ Kb7 37. Rc7+ Kb8 38. b4 Nc6
39. a3 e4 40. Rf4 Qb2+ 41. Ke1 exd3 42. Rf8+ {Black resigns} 1-0

[Event "GambitGuide"]
[Site "Internet Chess Club"]
[Date "2014.10.31"]
[Round "1"]
[White "JSBach"]
[Black "Fifo25"]
[Result "1-0"]
[ICCResult "Black resigns"]
[WhiteElo "1641"]
[BlackElo "1509"]
[Opening "Vienna: `Frankenstein-Dracula' variation"]
[ECO "C27"]
[NIC "VG.02"]
[Time "07:36:45"]
[TimeControl "120+12"]

1. e4 e5 2. Nc3 Nf6 3. Bc4 Nxe4 4. Qh5 Nd6 5. Bb3 Nc6 6. Nb5 g6 7. Qf3 f5 8.
Qd5 Qe7 9. Nxc7+ Kd8 10. Nxa8 b6 11. d3 Bb7 12. Nxb6 axb6 13. Qf3 e4 14.
dxe4 Nd4 15. Qh3 Nxe4 16. Be3 Qb4+ 17. c3 Nxc3 18. Bg5+ Be7 19. bxc3 Qa5 20.
Bxe7+ Kxe7 21. Qh4+ {Black resigns} 1-0

[Event "GambitGuide"]
[Site "Internet Chess Club"]
[Date "2014.10.31"]
[Round "1"]
[White "JSBach"]
[Black "superpuma"]
[Result "0-1"]
[ICCResult "White checkmated"]
[WhiteElo "1641"]
[BlackElo "2046"]
[Opening "Vienna: `Frankenstein-Dracula' variation"]
[ECO "C27"]
[NIC "VG.02"]
[Time "07:31:34"]
[TimeControl "120+12"]

1. e4 e5 2. Nc3 Nf6 3. Bc4 Nxe4 4. Qh5 Nd6 5. Bb3 Nc6 6. Nb5 g6 7. Qf3 f5 8.
Qd5 Qe7 9. Nxc7+ Kd8 10. Nxa8 b6 11. d3 Bb7 12. Nxb6 axb6 13. Qf3 Bg7 14.
Be3 Kc7 15. Bd5 f4 16. Bxb6+ Kxb6 17. c3 Re8 18. Ne2 e4 19. dxe4 Nxe4 20.
Rd1 Nf6 21. a4 Nxd5 22. Rxd5 Na7 23. a5+ Kc7 24. Qxf4+ Be5 25. Qd2 Bxd5 26.
Qe3 Nc6 27. Qb6+ Kd6 28. Kf1 Bd4 29. Qb5 Qxe2+ 30. Qxe2 Rxe2 31. Kxe2 Ba7
32. b4 Bxg2 33. Rd1+ Kc7 34. f3 Ne5 35. Rb1 Bxf3+ 36. Ke1 Be4 37. Ra1 Bd3
38. Kd2 Bb5 39. h3 Nc4+ 40. Ke1 d5 41. Rd1 Kd6 42. h4 Ne3 43. Rd2 Nf5 44.
Rh2 h5 45. Rh3 Ke5 46. Rh1 Ng3 47. Rh3 Ne4 48. Rf3 Nf6 49. Rh3 Kf4 50. Rh1
Ng4 51. Kd2 Be3+ 52. Kc2 Bf2 53. Kb1 d4 54. cxd4 Bxd4 55. Rd1 Ke4 56. Rc1
Bd3+ 57. Ka2 Ne5 58. Re1+ Be3 59. Kb3 Kd4 60. Ka4 Nf3 61. Rd1 Nxh4 62. b5
Kc3 63. Re1 Bd2 64. Re8 Bc2+ 65. Ka3 Kc4 66. Rc8+ Kxb5 67. Rxc2 Bxa5 68. Kb2
g5 69. Re2 Nf3 70. Re8 Bd2 71. Rb8+ Kc6 72. Kb1 Bf4 73. Rb2 Kd5 74. Re2 h4
75. Re8 h3 76. Rd8+ Ke4 77. Re8+ Kf5 78. Rf8+ Kg4 79. Rd8 h2 80. Rh8 Kg3 81.
Rxh2 Kxh2 82. Kc2 Kg2 83. Kc3 g4 84. Kd3 g3 85. Ke4 Kf2 86. Kxf4 g2 87. Kf5
g1=Q 88. Ke4 Qg6+ 89. Kd5 Qf5+ 90. Kc4 Ke3 91. Kb4 Qc2 92. Kb5 Kd4 93. Kb6
Qc5+ 94. Kb7 Kd5 95. Ka6 Qb4 96. Ka7 Kc6 97. Ka6 Qb5+ 98. Ka7 Qb6+ 99. Ka8
Qb7# {White checkmated} 0-1

[Event "GambitGuide"]
[Site "Internet Chess Club"]
[Date "2014.10.31"]
[Round "1"]
[White "JSBach"]
[Black "Bluecat"]
[Result "1-0"]
[ICCResult "Black resigns"]
[WhiteElo "1622"]
[BlackElo "1289"]
[Opening "Vienna: `Frankenstein-Dracula' variation"]
[ECO "C27"]
[NIC "VG.02"]
[Time "07:39:03"]
[TimeControl "120+12"]

1. e4 e5 2. Nc3 Nf6 3. Bc4 Nxe4 4. Qh5 Nd6 5. Bb3 Nc6 6. Nb5 g6 7. Qf3 f5 8.
Qd5 Qe7 9. Nxc7+ Kd8 10. Nxa8 b6 11. d3 Bb7 12. Nxb6 axb6 13. Qf3 Na5 14.
Qe3 f4 15. Qxb6+ {Black resigns} 1-0

[Event "GambitGuide"]
[Site "Internet Chess Club"]
[Date "2014.10.31"]
[Round "1"]
[White "JSBach"]
[Black "ZacAmata"]
[Result "1-0"]
[ICCResult "Black resigns"]
[WhiteElo "1604"]
[BlackElo "1317"]
[Opening "Vienna: `Frankenstein-Dracula' variation"]
[ECO "C27"]
[NIC "VG.02"]
[Time "07:38:16"]
[TimeControl "120+12"]

1. e4 e5 2. Nc3 Nf6 3. Bc4 Nxe4 4. Qh5 Nd6 5. Bb3 Nc6 6. Nb5 g6 7. Qf3 f5 8.
Qd5 Qe7 9. Nxc7+ Kd8 10. Nxa8 b6 11. d3 Bb7 12. Nxb6 axb6 13. Qf3 Nd4 14.
Qg3 Nxb3 15. axb3 Bg7 16. Be3 f4 17. Bxb6+ Ke8 18. Qg4 Kf7 19. b4 Rc8 20.
Bc5 e4 21. Qxf4+ Qf6 22. Qxd6 Bc6 23. Qxf6+ Bxf6 24. d4 Re8 25. Ra7 Ke6 26.
c4 Kf5 27. d5 {Black resigns} 1-0

[Event "GambitGuide"]
[Site "Internet Chess Club"]
[Date "2014.10.31"]
[Round "1"]
[White "JSBach"]
[Black "Pl3tt3"]
[Result "0-1"]
[ICCResult "White checkmated"]
[WhiteElo "1604"]
[BlackElo "2321"]
[Opening "Vienna: `Frankenstein-Dracula' variation"]
[ECO "C27"]
[NIC "VG.02"]
[Time "07:35:04"]
[TimeControl "120+12"]

1. e4 e5 2. Nc3 Nf6 3. Bc4 Nxe4 4. Qh5 Nd6 5. Bb3 Nc6 6. Nb5 g6 7. Qf3 f5 8.
Qd5 Qe7 9. Nxc7+ Kd8 10. Nxa8 b6 11. d3 Bb7 12. Nxb6 axb6 13. Qf3 Nd4 14.
Qg3 f4 15. Qg4 N6f5 16. c3 Nxb3 17. axb3 Bg7 18. Ra7 Kc8 19. Nf3 d6 20. Ra1
e4 21. dxe4 Qxe4+ 22. Kd1 Qd5+ 23. Bd2 Re8 24. Kc1 Qxb3 25. Ra3 Qb5 26. Qxf4
Re4 27. Qg5 Qe8 28. Re1 Rxe1+ 29. Nxe1 Bh6 30. Qxh6 Nxh6 31. Rb3 Ng4 32.
Rxb6 Qe2 33. Rxd6 Nxf2 34. b4 Qd1+ 35. Kb2 Ne4 36. Rd3 Nxd2 37. Rxd2 Qxd2+
38. Nc2 Be4 39. Kb3 Bxc2+ 40. Kc4 Qd3+ 41. Kc5 Qxc3+ 42. Kd5 Bd3 43. g4 Qc4+
44. Ke5 Qe4+ 45. Kf6 Qxg4 46. b5 Bxb5 47. Ke5 Qf5+ 48. Kd4 Be8 49. h3 h5 50.
h4 Kc7 51. Ke3 Qg4 52. Kd2 Qf3 53. Ke1 Qg2 54. Kd1 Kc6 55. Ke1 Kc5 56. Kd1
Kc4 57. Ke1 Kc3 58. Kd1 Kd3 59. Kc1 Qc2# {White checkmated} 0-1

[Event "GambitGuide"]
[Site "Internet Chess Club"]
[Date "2014.10.31"]
[Round "1"]
[White "JSBach"]
[Black "MishaVB"]
[Result "0-1"]
[ICCResult "White checkmated"]
[WhiteElo "1604"]
[BlackElo "1368"]
[Opening "Vienna: `Frankenstein-Dracula' variation"]
[ECO "C27"]
[NIC "VG.02"]
[Time "07:38:46"]
[TimeControl "120+12"]

1. e4 e5 2. Nc3 Nf6 3. Bc4 Nxe4 4. Qh5 Nd6 5. Bb3 Nc6 6. Nb5 g6 7. Qf3 f5 8.
Qd5 Qe7 9. Nxc7+ Kd8 10. Nxa8 b6 11. d3 Bb7 12. Nxb6 axb6 13. Qf3 Nd4 14.
Qg3 Bg7 15. Bg5 Bf6 16. Bxf6 Qxf6 17. Ba4 Bc6 18. Bb3 f4 19. Qg4 h5 20. Qh3
g5 21. f3 N6f5 22. c3 Nb5 23. O-O-O Ne3 24. Re1 g4 25. fxg4 hxg4 26. Qxh8+
Qxh8 27. h4 Nxg2 28. Rf1 Ne3 29. Ne2 Nxf1 30. Rxf1 Qxh4 31. a4 Nd6 32. Kc2
Bf3 33. Ng1 Qh2+ 34. Kb1 Be2 35. Nxe2 Qxe2 36. Rh1 Qxd3+ 37. Bc2 Qh3 38.
Rxh3 gxh3 39. Bd1 h2 40. Bf3 e4 41. Bg2 f3 42. Bh1 f2 43. Bg2 f1=Q+ 44. Bxf1
h1=Q 45. Kc2 Qxf1 46. Kd2 Qd3+ 47. Ke1 e3 48. a5 Qd2+ 49. Kf1 Qf2#
{White checkmated}
0-1

[Event "GambitGuide"]
[Site "Internet Chess Club"]
[Date "2014.10.31"]
[Round "1"]
[White "JSBach"]
[Black "STOY012"]
[Result "1/2-1/2"]
[ICCResult "Game drawn by repetition"]
[WhiteElo "1604"]
[BlackElo "1636"]
[Opening "Vienna: `Frankenstein-Dracula' variation"]
[ECO "C27"]
[NIC "VG.02"]
[Time "07:37:16"]
[TimeControl "120+12"]

1. e4 e5 2. Nc3 Nf6 3. Bc4 Nxe4 4. Qh5 Nd6 5. Bb3 Nc6 6. Nb5 g6 7. Qf3 f5 8.
Qd5 Qe7 9. Nxc7+ Kd8 10. Nxa8 b6 11. d3 Bb7 12. Nxb6 axb6 13. Qf3 Nd4 14.
Qh3 Bg7 15. Be3 e4 16. dxe4 Nxe4 17. Rd1 Re8 18. Rxd4 Bxd4 19. Kf1 Ba6+ 20.
c4 b5 21. Qh6 bxc4 22. Ba4 c3+ 23. Ne2 Bxe3 24. Qxe3 Nd2+ 25. Ke1 Qxe3 26.
fxe3 Rxe3 27. Bd1 cxb2 28. Kxd2 b1=Q 29. Kxe3 Bxe2 30. Kxe2 Qxa2+ 31. Kf3
Qd5+ 32. Kg3 Qe5+ 33. Kh3 Qe3+ 34. Bf3 Qh6+ 35. Kg3 f4+ 36. Kg4 Qh5+ 37.
Kxf4 Qf5+ 38. Ke3 d5 39. Kd4 Ke7 40. Bxd5 Kd6 41. Be4 Qe5+ 42. Ke3 Qc3+ 43.
Kf4 Qd2+ 44. Kg4 Qe2+ 45. Kf4 Ke6 46. h4 h5 47. Rh3 Qg4+ 48. Ke3 Ke5 49. Bf3
Qf4+ 50. Kd3 Qd4+ 51. Kc2 Kf4 52. Rh1 Kg3 53. Rh3+ Kf2 54. Kc1 Qe3+ 55. Kc2
Qd4 56. Kc1 Qa4 57. Bd5 Qf4+ 58. Kc2 Qf5+ 59. Rd3 Ke2 60. Bf3+ Kf2 61. Bd5
g5 62. hxg5 Qxg5 63. g3 h4 64. gxh4 Qxh4 65. Kb3 Ke2 66. Rf3 Qd4 67. Ba8
Qb6+ 68. Kc2 Qc7+ 69. Rc3 Qh7+ 70. Kc1 Qh6+ 71. Kb2 Qb6+ 72. Rb3 Qd4+ 73.
Kc2 Qc4+ 74. Kb2 Qd4+ 75. Ka2 Qa7+ 76. Ra3 Qf7+ 77. Kb2 Kd2 78. Be4 Qf6+ 79.
Kb3 Qe6+ 80. Kb4 Qxe4+ 81. Kb5 Qd5+ 82. Kb4 Kc2 83. Rc3+ Kb2 84. Rc4 Qd2+
85. Kc5 Kb3 86. Rd4 Qe3 87. Kd5 Kc3 88. Re4 Qf3 89. Ke5 Kd3 90. Rb4 Qe3+ 91.
Kd5 Qg3 92. Rb3+ Ke2 93. Rxg3 Kf2 94. Rd3 Ke2 95. Rg3 Kf2 96. Rd3 Ke2 97.
Kc4 Kf2 98. Kc5 Ke2 99. Kd4 Kf2 100. Re3 Kg2 101. Rb3 Kf2 102. Re3 Kg2 103.
Kd3 Kf2 104. Kd4 Kg2 105. Rd3 Kf2 106. Re3 {Game drawn by repetition}
1/2-1/2

[Event "GambitGuide"]
[Site "Internet Chess Club"]
[Date "2014.10.31"]
[Round "1"]
[White "JSBach"]
[Black "Balano"]
[Result "1-0"]
[ICCResult "Black resigns"]
[WhiteElo "1604"]
[BlackElo "1299"]
[Opening "Vienna: `Frankenstein-Dracula' variation"]
[ECO "C27"]
[NIC "VG.02"]
[Time "07:37:49"]
[TimeControl "120+12"]

1. e4 e5 2. Nc3 Nf6 3. Bc4 Nxe4 4. Qh5 Nd6 5. Bb3 Nc6 6. Nb5 g6 7. Qf3 f5 8.
Qd5 Qe7 9. Nxc7+ Kd8 10. Nxa8 b6 11. d3 Bb7 12. Nxb6 axb6 13. Qf3 Kc7 14. c3
Nd4 15. Qg3 Nc6 16. Bg5 Qe8 17. Bd5 Be7 18. Bxe7 Qxe7 19. Rc1 g5 20. Nf3 Ba6
21. c4 h6 22. c5 Bxd3 23. cxd6+ Qxd6 24. Nxe5 Qb4+ 25. Kd1 Qxb2 26. Nxc6+ d6
27. Nb4+ Kd7 28. Nxd3 {Black resigns} 1-0